Map: 紫晶浪漫-天梯版

Players

iGXY (XY) - Winner!

  • Race: Terran Terran

wanted

  • Race: Zerg Zerg

Event: DreamHack SC2 Masters 2020 Winter

VOD

Have the link to the VOD?

Description

Time

  • Played on: Oct. 28, 2020, 8:35 a.m.
  • Length: 13:23

All games in this series

Show
View Real Time Build Order
Export as new Build Order

iGXY Terran - Winner!

Build Orders: Reaper Expand, Mech 

Get SALT Encoding   

  12  0:00  SCV  
  13  0:12  SCV  
  14  0:17  Supply Depot  
  14  0:24  SCV  
  15  0:38  SCV  
  15  0:40  Barracks  
  16  0:43  Refinery  
  16  0:50  SCV  
  17  1:03  SCV  
  18  1:15  SCV  
  19  1:27  Orbital Command, Reaper  
  20  1:38  Command Center  
  20  1:47  Supply Depot  
  20  1:53  SCV  
  21  1:59  Marine  
  22  2:05  SCV  
  23  2:11  Factory  
  23  2:17  Marine, SCV  
  23  2:18  Refinery  
  25  2:29  SCV  
  26  2:37  Barracks Reactor  
  26  2:41  SCV  
  27  2:48  Command Center  
  27  2:52  Orbital Command  
  27  2:54  SCV  
  28  3:03  Starport  
  28  3:06  SCV  
  29  3:18  SCV  
  29  3:19  SCV  
  31  3:22  Hellion x2  
  35  3:31  SCV x2  
  37  3:43  SCV  
  37  3:44  Hellion x2  
  37  3:45  Fusion Core  
  37  3:47  Starport Tech Lab  
  42  3:49  SCV  
  42  3:55  SCV  
  44  4:01  SCV  
  45  4:05  Hellion x2  
  45  4:07  SCV  
  45  4:09  Supply Depot  
  50  4:13  SCV, Orbital Command  
  51  4:19  SCV  
  52  4:25  SCV  
  53  4:31  SCV  
  53  4:32  Battlecruiser  
  53  4:35  Supply Depot  
  53  4:38  SCV, Hellion x2  
  65  4:40  Orbital Command  
  65  4:44  SCV  
  66  4:46  Refinery  
  66  4:47  Refinery  
  66  4:50  Armory, SCV  
  67  4:56  SCV  
  67  4:59  Supply Depot  
  72  5:00  Hellion x2  
  72  5:02  SCV  
  73  5:07  SCV  
  73  5:09  SCV  
  75  5:14  Factory  
  75  5:15  Factory  
  75  5:17  SCV  
  75  5:19  SCV  
  75  5:21  SCV  
  78  5:26  Refinery  
  78  5:29  SCV, Hellion x2  
  78  5:31  SCV  
  78  5:33  SCV  
  85  5:37  Refinery  
  85  5:39  Armory  
  81  5:57  Hellion  
  81  5:58  Hellion  
  81  6:01  SCV  
  81  6:02  Factory Tech Lab  
  81  6:03  Factory Tech Lab  
  85  6:04  Supply Depot  
  85  6:06  SCV, Supply Depot  
  85  6:08  Terran Vehicle Weapons Level 1  
  82  6:12  Supply Depot  
  78  6:19  SCV, Hellion x2  
  78  6:22  SCV  
  78  6:25  Cyclone, Mag-Field Accelerator  
  84  6:26  Cyclone  
  84  6:27  SCV  
  84  6:32  Terran Vehicle And Ship Armor Level 1  
  81  6:33  SCV  
  81  6:34  SCV  
  83  6:42  SCV, Hellion x2  
  83  6:45  Barracks Reactor  
  88  6:48  Factory  
  88  6:51  SCV x2  
  88  6:53  Factory  
  90  6:54  SCV  
  90  6:55  Infernal Pre-Igniter  
  91  7:03  SCV x2  
  91  7:06  SCV  
  100  7:08  Supply Depot, Battlecruiser  
  100  7:10  Engineering Bay  
  100  7:15  SCV x2  
  100  7:19  SCV  
  100  7:22  Siege Tank x2  
  109  7:27  Supply Depot  
  109  7:28  Weapon Refit  
  109  7:30  SCV x2  
  109  7:31  Supply Depot, Factory Tech Lab  
  109  7:33  Supply Depot  
  111  7:38  Supply Depot  
  111  7:45  Hellion x2  
  115  7:54  Thor x2  
  127  7:59  Missile Turret x2  
  127  8:00  Missile Turret  
  127  8:05  Drilling Claws  
  127  8:10  Command Center  
  127  8:15  Supply Depot  
  127  8:26  Battlecruiser  
  133  8:28  Siege Tank  
  136  8:34  Missile Turret  
  136  8:39  Siege Tank x2  
  142  8:43  Widow Mine x4  
  142  8:45  Supply Depot  
  142  8:47  Smart Servos  
  150  9:00  Siege Tank  
  153  9:06  Orbital Command  
  153  9:07  Supply Depot  
  153  9:08  Terran Vehicle And Ship Armor Level 2  
  145  9:21  Siege Tank  
  148  9:32  Terran Vehicle Weapons Level 2  
  142  9:39  Siege Tank  
  143  9:45  Missile Turret  
  143  9:46  Supply Depot  
  143  9:57  Siege Tank  
  146  10:01  SCV x2  
  146  10:02  Refinery  
  146  10:05  Missile Turret, Command Center  
  146  10:07  Refinery  
  148  10:08  SCV, Planetary Fortress  
  148  10:09  Sensor Tower  
  148  10:13  SCV x2  
  151  10:20  SCV  
  152  10:22  Supply Depot  
  152  10:23  Hellion  
  152  10:24  Hellion  
  152  10:25  SCV  
  151  10:28  Factory  
  151  10:29  Factory x2  
  151  10:37  Siege Tank  
  151  10:38  Hellion x3  
  151  10:42  Missile Turret, Sensor Tower  
  157  10:43  SCV x3  
  157  10:49  Supply Depot  
  160  10:55  SCV x2, Siege Tank  
  160  10:56  Missile Turret  
  165  10:59  Siege Tank  
  168  11:07  Hellion x3  
  168  11:09  Siege Tank  
  177  11:14  Factory Tech Lab  
  177  11:15  Factory Tech Lab  
  177  11:16  Factory Tech Lab  
  177  11:30  Missile Turret, Sensor Tower  
  177  11:31  Command Center  
  177  11:32  Siege Tank x3  
  186  11:41  Siege Tank  
  183  11:52  Siege Tank x2  
  185  12:12  Siege Tank x2  
  185  12:14  Missile Turret  
  187  12:23  Siege Tank x2  
  187  12:32  Missile Turret  
  187  12:33  Missile Turret, Siege Tank x2  
  187  12:34  Missile Turret  
  177  12:53  Starport Reactor  
  181  13:09  Refinery  
  181  13:10  Refinery  
  181  13:11  Missile Turret  
Show
View Real Time Build Order
Export as new Build Order

wanted Zerg 

Build Orders: Hatch First 

Get SALT Encoding   

  12  0:00  Drone  
  13  0:09  Drone  
  14  0:16  Overlord  
  14  0:23  Extractor  
  14  0:24  Drone  
  15  0:34  Drone  
  16  0:47  Hatchery  
  15  0:50  Drone  
  15  0:54  Drone  
  17  0:58  Drone  
  18  1:08  Extractor  
  17  1:12  Spawning Pool  
  17  1:15  Drone  
  17  1:19  Drone  
  18  1:26  Drone  
  19  1:37  Drone  
  20  1:49  Hatchery  
  19  1:59  Queen  
  21  2:02  Zergling x4  
  21  2:05  Zergling x2  
  24  2:14  Queen  
  26  2:20  Overlord  
  26  2:29  Drone x2, Extractor  
  27  2:31  Drone  
  27  2:35  Metabolic Boost  
  29  2:44  Queen  
  29  2:47  Drone  
  29  2:51  Drone  
  33  2:53  Drone  
  34  2:59  Drone  
  34  3:00  Drone  
  36  3:06  Queen  
  36  3:09  Overlord  
  38  3:14  Overlord  
  38  3:16  Drone  
  38  3:18  Drone  
  40  3:22  Drone  
  40  3:23  Drone  
  42  3:29  Queen  
  42  3:33  Drone x2  
  46  3:37  Drone x2  
  46  3:39  Drone  
  49  3:41  Drone  
  49  3:46  Overlord  
  50  3:49  Overlord  
  50  3:53  Drone x3  
  54  4:02  Drone, Baneling Nest  
  54  4:03  Drone  
  54  4:07  Lair  
  54  4:14  Drone x5, Extractor  
  58  4:19  Overlord  
  58  4:24  Zergling x8  
  58  4:25  Zergling x2  
  58  4:27  Drone  
  58  4:30  Spore Crawler  
  63  4:32  Spore Crawler  
  63  4:34  Overlord  
  63  4:37  Drone x2  
  64  4:45  Drone x4, Overlord  
  63  4:50  Queen  
  69  4:56  Zergling x2, Overlord  
  69  4:57  Zergling x4  
  72  5:00  Drone  
  72  5:01  Spore Crawler  
  72  5:04  Drone x2  
  72  5:05  Drone  
  75  5:09  Zergling x4  
  75  5:11  Drone x3  
  80  5:16  Drone x4  
  84  5:23  Spire  
  82  5:30  Baneling x5  
  82  5:31  Drone x6  
  82  5:35  Overseer  
  88  5:40  Extractor  
  88  5:41  Extractor x2  
  88  5:42  Drone x5  
  90  5:44  Extractor  
  89  5:51  Baneling  
  89  5:52  Baneling x3  
  89  5:53  Queen x2  
  89  5:54  Zergling x4  
  89  5:56  Zergling x4  
  94  5:57  Baneling  
  94  6:02  Queen  
  95  6:08  Drone x3  
  94  6:17  Overlord  
  94  6:18  Drone x2  
  91  6:22  Zergling x4  
  91  6:23  Zergling x4  
  91  6:28  Queen  
  91  6:30  Drone x4, Hatchery  
  96  6:38  Overlord  
  95  6:46  Evolution Chamber, Roach Warren  
  93  6:52  Baneling x3  
  93  6:54  Drone x3  
  93  7:01  Spore Crawler, Overlord x3  
  96  7:08  Corruptor x6  
  107  7:17  Overlord x2  
  107  7:18  Overlord  
  107  7:22  Zerg Missile Weapons Level 1  
  107  7:26  Corruptor x3  
  113  7:32  Glial Reconstitution  
  113  7:33  Overlord x2  
  113  7:34  Spore Crawler  
  112  7:41  Roach x4  
  112  7:42  Drone x2  
  122  7:46  Drone x3  
  122  7:47  Drone  
  122  7:50  Extractor  
  125  7:54  Drone  
  125  7:55  Drone, Overlord  
  125  7:58  Roach x3  
  133  8:06  Roach x5  
  133  8:12  Overlord x3  
  143  8:17  Roach x4  
  151  8:26  Roach x5  
  161  8:41  Roach x4  
  169  8:43  Overseer  
  169  8:44  Overseer  
  169  8:48  Roach x8  
  185  8:53  Roach x2  
  185  8:54  Ravager  
  194  8:56  Ravager x4  
  194  9:02  Ravager x2  
  196  9:05  Zergling x6  
  196  9:06  Zergling x2  
  196  9:14  Zergling x2  
  196  9:15  Zergling x10  
  196  9:23  Corruptor x4  
  185  9:27  Extractor  
  179  9:33  Drone x6  
  179  9:36  Zerg Missile Weapons Level 2  
  179  9:37  Infestation Pit  
  180  9:44  Drone x7  
  187  9:54  Evolution Chamber  
  187  9:55  Hydralisk Den, Hatchery, Corruptor  
  187  9:56  Corruptor  
  188  10:04  Overlord  
  188  10:05  Drone x9  
  197  10:11  Zerg Flyer Weapons Level 1  
  194  10:17  Hive  
  194  10:18  Ravager x2  
  194  10:19  Ravager  
  194  10:20  Pneumatized Carapace  
  197  10:28  Overlord  
  195  10:32  Drone x5  
  199  10:42  Overlord x2  
  197  10:43  Overlord x3  
  197  10:49  Extractor  
  196  10:50  Extractor  
  196  10:52  Spine Crawler  
  196  10:53  Grooved Spines, Spine Crawler  
  196  10:55  Spine Crawler  
  196  10:56  Spine Crawler  
  188  11:00  Hatchery, Corruptor x2  
  188  11:03  Drone x3  
  187  11:10  Drone x2  
  189  11:12  Lurker Den, Hydralisk x4  
  196  11:18  Evolution Chamber  
  196  11:19  Evolution Chamber  
  196  11:20  Zerg Ground Armor Level 1  
  196  11:25  Evolution Chamber  
  193  11:32  Viper x2  
  192  11:51  Viper x3  
  199  12:01  Overseer  
  199  12:02  Overseer x2  
  199  12:05  Muscular Augments  
  192  12:20  Viper x3  
  181  12:31  Hydralisk x4  
  181  12:32  Hydralisk x4  
  193  12:43  Hydralisk x6  
  187  12:44  Roach  
  162  13:00  Roach  
  162  13:01  Roach x17  
  162  13:03  Roach x4, Zergling x10  
Tags
 
Add a new tag
Caveats
  • Supply blocks, unpowered buildings, or Contaminate may cause inaccurate times.
  • Supply counts are checked every 10 seconds.